SNL (28 & UNDER)
WICHITA WRANGLERS @ SANTA FE DIABLOS
06/06/2030
 
TOP OF THE 1ST
Wichita Wranglers batting - Pitching for Santa Fe Diablos : RHP Josh Carson
Pitching: RHP Josh Carson
Batting: LHB Terry Neal 0-0: Ball
1-0: Swinging Strike
1-1: Ball
2-1: Foul Ball, location: 2F
2-2: Ball
3-2: Base on Balls
Batting: RHB Henry Edwards 0-0: Ball
1-0: Foul Ball, location: 2F
1-1: Swinging Strike
1-2: Ball
2-2: Ball
3-2: Foul Ball, location: 2F
3-2: SINGLE (Flyball, 78S)
Terry Neal to second
Batting: RHB Hubert MacDonald 0-0: Ball
1-0: SINGLE (Line Drive, 6MD)
Terry Neal to third
Henry Edwards to second
Runner from 3rd tries for Home, SAFE, no throw
Batting: RHB Oliver Todd 0-0: Ball
1-0: Foul Ball, location: 2F
1-1: SINGLE (Flyball, 78S)
Henry Edwards to third
Hubert MacDonald to second
Runner from 3rd tries for Home, SAFE, throw made home
Batting: RHB Mauro Paredes 0-0: Foul Ball, location: 2F
0-1: Ball
1-1: Swinging Strike
1-2: Strikes out swinging
Batting: RHB Bob Corrigan 0-0: Ball
1-0: Ball
Balk!
Hubert MacDonald to third
Oliver Todd to second
2-0: Ball
3-0: Called Strike
3-1: Base on Balls
Batting: LHB John Lynch 0-0: Ball
1-0: Foul Ball, location: 2F
1-1: SINGLE (Flyball, 7LS)
Hubert MacDonald scores
Oliver Todd to third
Bob Corrigan to second
Runner from 3rd tries for Home, SAFE, no throw
Batting: SHB Dan Dunn 0-0: Called Strike
0-1: Fielders Choice at 2nd, 3-6 (Groundball, 34)
Bob Corrigan to third
Batting: LHB Tristan Sims 0-0: Ball
1-0: Ball
2-0: Called Strike
2-1: Ball
3-1: Base on Balls
Dan Dunn to second
Batting: LHB Terry Neal 0-0: Ball
1-0: Ball
2-0: Ball
3-0: Base on Balls
Bob Corrigan scores
Dan Dunn to third
Tristan Sims to second
Batting: RHB Henry Edwards 0-0: Called Strike
0-1: Ball
1-1: Ground out 5-3 (Groundball, 56S)
Top of the 1st over - 5 runs, 4 hits, 0 errors, 3 left on base; Wichita 5 - Santa Fe 0
BOTTOM OF THE 1ST
Santa Fe Diablos batting - Pitching for Wichita Wranglers : LHP António Ruíz
Pitching: LHP António Ruíz
Batting: RHB Carl O'Dell 0-0: Called Strike
0-1: Ball
1-1: Foul Ball, location: 2F
1-2: TRIPLE (Flyball, 8RXD)
Batting: RHB Chris Rice 0-0: Ball
1-0: Called Strike
1-1: Swinging Strike
1-2: Ball
2-2: Foul Ball, location: 2F
2-2: Ball
3-2: Fly out, F5 (Line Drive, 5)
Batting: LHB Merrill Erickson 0-0: Ball
1-0: Ball
2-0: Ball
3-0: Base on Balls
Batting: RHB Flint Todd 0-0: Called Strike
0-1: Called Strike
0-2: Strikes out swinging
Batting: RHB Mitchell Pate 0-0: Called Strike
0-1: Swinging Strike
0-2: Strikes out looking
Bottom of the 1st over - 0 runs, 1 hit, 0 errors, 2 left on base; Wichita 5 - Santa Fe 0
TOP OF THE 2ND
Wichita Wranglers batting - Pitching for Santa Fe Diablos : RHP Josh Carson
Batting: RHB Hubert MacDonald 0-0: Swinging Strike
0-1: Ball
1-1: Swinging Strike
1-2: Strikes out swinging
Batting: RHB Oliver Todd 0-0: Called Strike
0-1: Foul Ball, location: 2F
0-2: Ball
1-2: Foul Ball, location: 2F
1-2: Foul Ball, location: 2F
1-2: Ball
2-2: Ball
3-2: Fly out, F3 (Popup, 34S)
Batting: RHB Mauro Paredes 0-0: Ball
1-0: Ball
2-0: Called Strike
2-1: Ball
3-1: Base on Balls
Batting: RHB Bob Corrigan 0-0: Called Strike
0-1: Foul Ball, location: 2F
0-2: Fly out, F6 (Popup, 6MS)
Top of the 2nd over - 0 runs, 0 hits, 0 errors, 1 left on base; Wichita 5 - Santa Fe 0
BOTTOM OF THE 2ND
Santa Fe Diablos batting - Pitching for Wichita Wranglers : LHP António Ruíz
Batting: RHB Nick Vogel 0-0: Called Strike
0-1: Ball
1-1: Foul Ball, location: 2F
1-2: SINGLE (Line Drive, 8LS)
Batting: RHB Nate Atkinson 0-0: Ball
1-0: Foul Ball, location: 2F
1-1: Ball
2-1: Ball
3-1: Base on Balls
Nick Vogel to second
Batting: LHB Luis Gallegos 0-0: Fly out, F3 (Line Drive, 34)
Lined into DP, U3 (Line Drive, 34)
Batting: RHB Pete Davis 0-0: Ball
1-0: Swinging Strike
1-1: Called Strike
1-2: Ball
2-2: Foul Ball, location: 2F
2-2: Foul Ball, location: 2F
2-2: Foul Ball, location: 2F
2-2: Ground out U3 (Groundball, 34)
Bottom of the 2nd over - 0 runs, 1 hit, 0 errors, 1 left on base; Wichita 5 - Santa Fe 0
TOP OF THE 3RD
Wichita Wranglers batting - Pitching for Santa Fe Diablos : RHP Josh Carson
Batting: LHB John Lynch 0-0: Fly out, F8 (Flyball, 78D)
Batting: SHB Dan Dunn 0-0: Ball
1-0: Ground out 4-3 (Groundball, 4S)
Batting: LHB Tristan Sims 0-0: Ball
1-0: Ball
2-0: Called Strike
2-1: Ball
3-1: Base on Balls
Batting: LHB Terry Neal 0-0: Called Strike
0-1: Ball
1-1: Ball
2-1: Called Strike
2-2: Foul Ball, location: 2F
2-2: Strikes out looking
Top of the 3rd over - 0 runs, 0 hits, 0 errors, 1 left on base; Wichita 5 - Santa Fe 0
BOTTOM OF THE 3RD
Santa Fe Diablos batting - Pitching for Wichita Wranglers : LHP António Ruíz
Batting: RHB Carl O'Dell 0-0: Ball
1-0: Called Strike
1-1: Swinging Strike
1-2: Strikes out swinging
Batting: RHB Chris Rice 0-0: Ground out 6-3 (Groundball, 6)
Batting: LHB Merrill Erickson 0-0: Ball
1-0: Foul Ball, location: 2F
1-1: Foul Ball, location: 2F
1-2: Ball
2-2: Strikes out swinging
Bottom of the 3rd over - 0 runs, 0 hits, 0 errors, 0 left on base; Wichita 5 - Santa Fe 0
TOP OF THE 4TH
Wichita Wranglers batting - Pitching for Santa Fe Diablos : RHP Josh Carson
Batting: RHB Henry Edwards 0-0: Ball
1-0: Ball
2-0: Called Strike
2-1: TRIPLE (Groundball, 5L)
Batting: RHB Hubert MacDonald 0-0: Foul Ball, location: 2F
0-1: Ground out 5-3 (Groundball, 25)
Henry Edwards scores
Batting: RHB Oliver Todd 0-0: Swinging Strike
0-1: Called Strike
0-2: Strikes out swinging
Batting: RHB Mauro Paredes 0-0: Foul Ball, location: 2F
0-1: Swinging Strike
0-2: Ball
1-2: Strikes out swinging
Top of the 4th over - 1 run, 1 hit, 0 errors, 0 left on base; Wichita 6 - Santa Fe 0
BOTTOM OF THE 4TH
Santa Fe Diablos batting - Pitching for Wichita Wranglers : LHP António Ruíz
Batting: RHB Flint Todd 0-0: Ball
1-0: Called Strike
1-1: Ball
2-1: Called Strike
2-2: Foul Ball, location: 2F
2-2: Strikes out swinging
Batting: RHB Mitchell Pate 0-0: Called Strike
0-1: Ball
1-1: Ball
2-1: Fly out, F3 (Popup, 3S)
Batting: RHB Nick Vogel 0-0: Ball
1-0: Ball
2-0: Ball
3-0: Called Strike
3-1: Called Strike
3-2: Fly out, F9 (Flyball, 89M)
Bottom of the 4th over - 0 runs, 0 hits, 0 errors, 0 left on base; Wichita 6 - Santa Fe 0
TOP OF THE 5TH
Wichita Wranglers batting - Pitching for Santa Fe Diablos : RHP Josh Carson
Batting: RHB Bob Corrigan 0-0: Ground out 4-3 (Groundball, 4)
Batting: LHB John Lynch 0-0: Swinging Strike
0-1: Fly out, F8 (Flyball, 8RM)
Batting: SHB Dan Dunn 0-0: Ball
1-0: SINGLE (Groundball, 4MD)
Batting: LHB Tristan Sims 0-0: Ball
Wild Pitch!
Dan Dunn to second
1-0: Foul Ball, location: 2F
1-1: Foul Ball, location: 2F
1-2: Strikes out swinging
Top of the 5th over - 0 runs, 1 hit, 0 errors, 1 left on base; Wichita 6 - Santa Fe 0
BOTTOM OF THE 5TH
Santa Fe Diablos batting - Pitching for Wichita Wranglers : LHP António Ruíz
Batting: RHB Nate Atkinson 0-0: Ball
1-0: Called Strike
1-1: Foul Ball, location: 2F
1-2: Strikes out looking
Batting: LHB Luis Gallegos 0-0: Swinging Strike
0-1: Swinging Strike
0-2: Ball
1-2: Strikes out swinging
Batting: RHB Pete Davis 0-0: Ball
1-0: SINGLE (Groundball, 6MD)
Batting: RHB Carl O'Dell 0-0: Ball
Pete Davis steals 2nd base
1-0: Fly out, F9 (Flyball, 89M)
Bottom of the 5th over - 0 runs, 1 hit, 0 errors, 1 left on base; Wichita 6 - Santa Fe 0
TOP OF THE 6TH
Wichita Wranglers batting - Pitching for Santa Fe Diablos : RHP Josh Carson
Pitching: LHP Homer Bryan
Batting: LHB Terry Neal 0-0: Ball
1-0: Ball
2-0: Ball
3-0: Called Strike
3-1: Called Strike
3-2: Fly out, F8 (Flyball, 8RD)
Batting: RHB Henry Edwards 0-0: SINGLE (Groundball, 6MD)
Batting: RHB Hubert MacDonald 0-0: Ball
1-0: Ball
2-0: Ball
3-0: Base on Balls
Henry Edwards to second
Batting: RHB Oliver Todd 0-0: Ball
1-0: Foul Ball, location: 2F
1-1: Ball
2-1: Ball
3-1: Base on Balls
Henry Edwards to third
Hubert MacDonald to second
Batting: RHB Mauro Paredes 0-0: Called Strike
0-1: Grounds into double play, 4-6-3 (Groundball, 34)
Top of the 6th over - 0 runs, 1 hit, 0 errors, 2 left on base; Wichita 6 - Santa Fe 0
BOTTOM OF THE 6TH
Santa Fe Diablos batting - Pitching for Wichita Wranglers : LHP António Ruíz
Batting: RHB Chris Rice 0-0: Ball
1-0: Ball
2-0: Ball
3-0: Called Strike
3-1: Called Strike
3-2: Strikes out swinging
Batting: LHB Merrill Erickson 0-0: Called Strike
0-1: Ball
1-1: Called Strike
1-2: Ball
2-2: Foul Ball, location: 2F
2-2: Ground out 5-3 (Groundball, 56S)
Batting: RHB Flint Todd 0-0: Foul Ball, location: 2F
0-1: Called Strike
0-2: Ball
1-2: Foul Ball, location: 2F
1-2: Strikes out swinging
Bottom of the 6th over - 0 runs, 0 hits, 0 errors, 0 left on base; Wichita 6 - Santa Fe 0
TOP OF THE 7TH
Wichita Wranglers batting - Pitching for Santa Fe Diablos : LHP Homer Bryan
Batting: RHB Bob Corrigan 0-0: Ball
1-0: Ground out 4-3 (Groundball, 34)
Batting: LHB John Lynch 0-0: Ball
1-0: Called Strike
1-1: Foul Ball, location: 2F
1-2: TRIPLE (Flyball, 89XD)
Batting: SHB Dan Dunn 0-0: Called Strike
0-1: Foul Ball, location: 2F
0-2: Ball
1-2: Foul Ball, location: 2F
1-2: Ball
2-2: Foul Ball, location: 2F
2-2: Foul Ball, location: 2F
2-2: Foul Ball, location: 2F
2-2: Strikes out swinging
Batting: LHB Tristan Sims 0-0: Fly out, F3 (Popup, 34)
Top of the 7th over - 0 runs, 1 hit, 0 errors, 1 left on base; Wichita 6 - Santa Fe 0
BOTTOM OF THE 7TH
Santa Fe Diablos batting - Pitching for Wichita Wranglers : LHP António Ruíz
Batting: RHB Mitchell Pate 0-0: Ball
1-0: Ball
2-0: Called Strike
2-1: Called Strike
2-2: Strikes out swinging
Pitching: RHP Pedro Rivera
Batting: RHB Nick Vogel 0-0: Fly out, F9 (Line Drive, 89S)
Batting: RHB Nate Atkinson 0-0: Called Strike
0-1: Called Strike
0-2: Strikes out swinging
Bottom of the 7th over - 0 runs, 0 hits, 0 errors, 0 left on base; Wichita 6 - Santa Fe 0
TOP OF THE 8TH
Wichita Wranglers batting - Pitching for Santa Fe Diablos : LHP Homer Bryan
Batting: LHB Terry Neal 0-0: Called Strike
0-1: Called Strike
0-2: Foul Ball, location: 2F
0-2: Ball
1-2: Ball
2-2: Ball
3-2: Ground out 3-1 (Groundball, 34S)
Batting: RHB Henry Edwards 0-0: Ball
1-0: SINGLE (Groundball, 5D)
Batting: RHB Hubert MacDonald 0-0: Ball
1-0: Ground out 5-3 (Groundball, 5S)
Henry Edwards to second
Batting: RHB Oliver Todd 0-0: Called Strike
0-1: SINGLE (Line Drive, 56D)
Henry Edwards to third
Runner from 3rd tries for Home, SAFE, no throw
Batting: RHB Mauro Paredes 0-0: Called Strike
0-1: Ground out U3 (Groundball, 34S)
Top of the 8th over - 1 run, 2 hits, 0 errors, 1 left on base; Wichita 7 - Santa Fe 0
BOTTOM OF THE 8TH
Santa Fe Diablos batting - Pitching for Wichita Wranglers : RHP Pedro Rivera
Now in LF: Ricardo Velásquez
Batting: LHB Luis Gallegos 0-0: Called Strike
0-1: Foul Ball, location: 2F
0-2: Strikes out swinging
Batting: RHB Pete Davis 0-0: Ground out 2-3 (Groundball, 15S)
Batting: RHB Carl O'Dell 0-0: Ball
1-0: Ball
2-0: Ball
3-0: Foul Ball, location: 2F
3-1: Foul Ball, location: 2F
3-2: Foul Ball, location: 2F
3-2: Strikes out swinging
Bottom of the 8th over - 0 runs, 0 hits, 0 errors, 0 left on base; Wichita 7 - Santa Fe 0
TOP OF THE 9TH
Wichita Wranglers batting - Pitching for Santa Fe Diablos : LHP Homer Bryan
Batting: RHB Bob Corrigan 0-0: Ball
1-0: Ball
2-0: Ground out 4-3 (Groundball, 34)
Batting: LHB John Lynch 0-0: Called Strike
0-1: Ground out 6-3 (Groundball, 6)
Batting: SHB Dan Dunn 0-0: Ball
1-0: Ball
2-0: Ball
3-0: Base on Balls
Batting: LHB Tristan Sims 0-0: Ball
1-0: Fielders Choice at 2nd, U4 (Groundball, 4M)
Top of the 9th over - 0 runs, 0 hits, 0 errors, 1 left on base; Wichita 7 - Santa Fe 0
BOTTOM OF THE 9TH
Santa Fe Diablos batting - Pitching for Wichita Wranglers : RHP Pedro Rivera
Batting: RHB Chris Rice 0-0: Called Strike
0-1: Ball
1-1: Ball
2-1: Ball
3-1: Called Strike
3-2: Base on Balls
Pinch Hitting: RHB Frank Martínez 0-0: Foul Ball, location: 2F
0-1: Ball
1-1: Swinging Strike
1-2: Strikes out looking
Batting: RHB Flint Todd 0-0: Ball
1-0: Swinging Strike
1-1: Ball
2-1: Ball
3-1: Foul Ball, location: 2F
3-2: Base on Balls
Chris Rice to second
Batting: RHB Mitchell Pate 0-0: Called Strike
0-1: Swinging Strike
0-2: Ball
1-2: Fly out, F8 (Flyball, 89D)
Runner from 2nd tags up, SAFE at 3rd, no throw
Batting: RHB Nick Vogel 0-0: Foul Ball, location: 2F
0-1: Swinging Strike
0-2: Ball
1-2: Ball
2-2: Foul Ball, location: 2F
2-2: Ball
3-2: Base on Balls
Flint Todd to second
Batting: RHB Nate Atkinson 0-0: Ball
1-0: Fly out, F3 (Popup, 23F)
Bottom of the 9th over - 0 runs, 0 hits, 0 errors, 3 left on base; Wichita 7 - Santa Fe 0
Saturday, April 7th, 2018 - OOTP Baseball 18.8 Build 76